 Dungeon Sprint DCSS version 0.29-a0-819-g94b489e0ae (webtiles) character file.

Game seed: 4913189965258189084

897 Ayihk420 the Slicer (level 8, -6/60 HPs)
             Began as a Kobold Berserker on July 6, 2022.
             Was an Elder of Trog.
             Mangled by a yak (7 damage)
             ... in the Dungeon (Sprint IX: "|||||||||||||||||||||||||||||").
             The game lasted 00:01:37 (877 turns).

Ayihk420 the Slicer (Kobold Berserker)               Turns: 877, Time: 00:01:39

Health: -6/60      AC: 13    Str: 19    XL:     8   Next: 28%
Magic:  8/8        EV: 16    Int:  9    God:    Trog [****..]
Gold:   0          SH:  0    Dex: 23    Spells: 7/7 levels left

rFire   . . .      SeeInvis .   l - +2 rapier of Wrongful Imprisonment {flame, Dex+9}
rCold   . . .      Faith    .   (no shield)
rNeg    . . .      Spirit   .   o - +1 chain mail
rPois   .          Reflect  .   (no helmet)
rElec   .          Harm     .   m - +0 cloak
rCorr   .          Rampage  .   n - +0 pair of gloves
Will    ++...      NoTele   +   (no boots)
Stlth   ..........              (no amulet)
HPRegen 1.20/turn               q - +2 ring of evasion
MPRegen 0.11/turn               p - +3 ring of strength

@: strong-willed, on berserk cooldown, regenerating, slowed, very slow
A: small, no large weapons, nightstalker 3
a: Renounce Religion, Berserk, Trog's Hand, Brothers in Arms


You were in the Dungeon.
You worshipped Trog.
Trog was greatly pleased with you.
You visited 1 branch

Inventory:

Hand Weapons
 a - a +0 short sword
 l - the +2 rapier of Wrongful Imprisonment (weapon) {flame, Dex+9}
   (You found it in the Dungeon)

   It burns those it strikes, dealing additional fire damage.
   Dex:       It affects your dexterity (+9).
Armour
 b - a +0 animal skin
 m - a +0 cloak (worn)
 n - a +0 pair of gloves (worn)
 o - a +1 chain mail (worn)
Jewellery
 p - a +3 ring of strength (right hand)
 q - a +2 ring of evasion (left hand)
Wands
 j - a wand of quicksilver (10)
Scrolls
 h - 2 scrolls of blinking
 k - 2 scrolls of amnesia
Potions
 c - 5 potions of curing
 d - 3 potions of heal wounds
 e - a potion of haste
 f - 4 potions of magic
 g - a potion of berserk rage
 i - a potion of invisibility


   Skills:
 + Level 11.6 Fighting
 + Level 14.8 Short Blades
 + Level 4.8 Armour
 + Level 7.4 Dodging


You had 7 spell levels left.
You didn't know any spells.
Your spell library was empty.

Dungeon Overview and Level Annotations

Branches:
Dungeon (1/1)

Altars:
Cheibriados
Dithmenos
Elyvilon
Fedhas
Gozag
Hepliaklqana
Kikubaaqudgha
Makhleb
Nemelex Xobeh
Okawaru
Qazlal
Ru
Sif Muna
Trog
Uskayaw
Vehumet
Wu Jian
Xom
Yredelemnul
Zin
The Shining One
Jiyva
Lugonu


Innate Abilities, Weirdness & Mutations

You are small and have problems with some larger weapons.
You are completely attuned to the shadows.


Message History

You hit the yak. You burn the yak.
The yak is lightly wounded.
You feel sick.
You hit the yak but do no damage.
The yak is lightly wounded.
You feel sick. The yak gores you!
You hit the yak. You burn the yak.
The yak is moderately wounded.
You feel sick. The yak gores you.
* * * LOW HITPOINT WARNING * * *
You hit the yak but do no damage.
The yak is moderately wounded.
You feel sick. The yak gores you but does no damage.
You puncture the yak! You burn the yak.
The yak is heavily wounded.
You feel sick.
Your skin crawls.
You feel strong-willed.
You feel sick. The yak gores you!
* * * LOW HITPOINT WARNING * * *
The yak closely misses you.
You puncture the yak! You burn the yak.
The yak is severely wounded.
The yak gores you!
* * * LOW HITPOINT WARNING * * *
You hit the yak but do no damage.
The yak is severely wounded.
* * * LOW HITPOINT WARNING * * *
You feel sick.
You barely miss the yak.
The yak is severely wounded.
* * * LOW HITPOINT WARNING * * *
You feel sick. The yak closely misses you.
You barely miss the yak.
The yak is severely wounded.
* * * LOW HITPOINT WARNING * * *
You feel sick.
You are no longer poisoned.
The yak gores you!
You die...

▓.▓
▓.▓
▓.▓
▓.▓
▓.▓
▓'▓
▓[▓
▓)▓
▓@▓
▓Y▓
▓.▓
▓.▓
▓+▓


You could see a yak.

Vanquished Creatures
  A hornet (D)
  2 yaks (D)
  A steam dragon (D)
  A centaur (D)
  A phantom (D)
  A scorpion (D)
  A hound (D)
  A jelly (D)
  A shadow imp (D)
  An endoplasm (D)
  A giant cockroach (D)
  A hobgoblin (D)
  A ball python (D)
  A frilled lizard (D)
15 creatures vanquished.

Notes
Turn   | Place    | Note
-------+----------+-------------------------------------------
     0 | D        | Ayihk420 the Kobold Berserker began the quest for the Orb.
     0 | D        | Reached XP level 1. HP: 14/14 MP: 1/1
    17 | D        | Reached ** piety under Trog
    31 | D        | Reached skill level 5 in Short Blades
    65 | D        | Noticed a hound
    65 | D        | Noticed a jelly
    72 | D        | Reached XP level 2. HP: 11/20 MP: 2/2
    72 | D        | Noticed a scorpion
    75 | D        | Noticed a phantom
    83 | D        | Reached *** piety under Trog
    84 | D        | Reached skill level 5 in Fighting
    84 | D        | Reached skill level 7 in Short Blades
    84 | D        | Reached XP level 3. HP: 6/26 MP: 3/3
    87 | D        | Reached XP level 4. HP: 6/32 MP: 4/4
    90 | D        | Killed a scorpion
    91 | D        | Reached skill level 9 in Short Blades
    91 | D        | Reached XP level 5. HP: 7/38 MP: 5/5
    97 | D        | Killed a phantom
    98 | D        | Reached skill level 10 in Short Blades
    98 | D        | Reached skill level 5 in Dodging
    98 | D        | Reached XP level 6. HP: 9/45 MP: 6/6
   546 | D        | Found a snail-covered altar of Cheibriados.
   546 | D        | Found a shadowy altar of Dithmenos.
   547 | D        | Found a white marble altar of Elyvilon.
   548 | D        | Found a blossoming altar of Fedhas.
   549 | D        | Found an opulent altar of Gozag.
   550 | D        | Found a hazy altar of Hepliaklqana.
   551 | D        | Found a viscous altar of Jiyva.
   552 | D        | Found an ancient bone altar of Kikubaaqudgha.
   553 | D        | Found a corrupted altar of Lugonu.
   554 | D        | Found a burning altar of Makhleb.
   555 | D        | Found a sparkling altar of Nemelex Xobeh.
   556 | D        | Found an iron altar of Okawaru.
   557 | D        | Found a stormy altar of Qazlal.
   558 | D        | Found a sacrificial altar of Ru.
   559 | D        | Found a shimmering blue altar of Sif Muna.
   560 | D        | Found a bloodstained altar of Trog.
   561 | D        | Found a hide-covered altar of Uskayaw.
   562 | D        | Found a radiant altar of Vehumet.
   563 | D        | Found an ornate altar of the Wu Jian Council.
   564 | D        | Found a shimmering altar of Xom.
   565 | D        | Found a basalt altar of Yredelemnul.
   566 | D        | Found a glowing silver altar of Zin.
   567 | D        | Found a glowing golden altar of the Shining One.
   802 | D        | Got the +2 rapier of Wrongful Imprisonment {flame, Dex+9}
   837 | D        | Noticed a yak
   837 | D        | Noticed a steam dragon
   839 | D        | Noticed a yak
   843 | D        | Killed a yak
   844 | D        | Reached skill level 12 in Short Blades
   844 | D        | Noticed a hornet
   849 | D        | Killed a steam dragon
   850 | D        | Reached skill level 10 in Fighting
   850 | D        | Reached skill level 13 in Short Blades
   850 | D        | Reached XP level 7. HP: 52/52 MP: 7/7
   850 | D        | Noticed a yak
   854 | D        | Reached **** piety under Trog
   862 | D        | Killed a yak
   863 | D        | Reached skill level 14 in Short Blades
   867 | D        | Killed a hornet
   868 | D        | Reached XP level 8. HP: 36/60 MP: 8/8
   874 | D        | HP: 1/60 [yak (7)]
   877 | D        | Mangled by a yak

Illustrated notes

Levels and vault maps discovered:
D:        linesprint [early_d, line_temple, items_1, d_10, items_2, lair_1,
          lair_end, items_3, orc_1, orc_end, items_4, d_15, swamp_1, shoals_1,
          snake_1, spider_1, d_20, vaults_1, items_5, swamp_end, shoals_end,
          snake_end, spider_end, vaults_end, d_27, items_6, zot_1, zot_end,
          crypt_end, forest_end, elf_end, slime_end, tomb_end, abyss_end,
          pan_hell_end]

Skill      XL: |  1  2  3  4  5  6  7 |
---------------+----------------------+-----
Fighting       | 4 5 6 7 8 10 11 | 11.6
Short Blades   | 5 7 9 10 13 14 | 14.8
Armour         | 2 3 4 |  4.8
Dodging        | 3 4 5 6 7 |  7.4

Action                   |  1- 3 |  4- 6 |  7- 9 || total
-------------------------+-------+-------+-------++-------
Melee: Short sword       |    41 |    11 |       ||    52
       Rapier            |       |    10 |    24 ||    34
Invok: Berserk           |     1 |     3 |       ||     4
       Trog's Hand       |       |       |     1 ||     1
Armor: Animal skin       |     6 |       |       ||     6
       Chain mail        |       |     1 |     3 ||     4
Dodge: Dodged            |    26 |    10 |     8 ||    44

Table legend: (Time is in decaauts)
 A = Elapsed time spent in this place.
 B = Non-inter-level travel time spent in this place.
 C = Inter-level travel time spent in this place.
 D = Time resting spent in this place.
 E = Time spent auto-exploring this place.
 F = Levels seen in this place.
 G = Mean time per level.
                   A        B        C        D        E       F      G
               +--------+--------+--------+--------+--------+-----+--------+
         Total |    879 |    879 |      0 |    709 |      0 |   1 |  879.0 |
       Dungeon |    879 |    879 |      0 |    709 |      0 |   1 |  879.0 |
               +--------+--------+--------+--------+--------+-----+--------+

Top non-repeatable levels by time:
       D: 879 daAuts
